 Dungeon Crawl Stone Soup version 0.20-a0-795-ga03948b (webtiles) character file.

629998 nubinia the Slayer (level 27, -5/150 HPs)
             Began as a Gargoyle Fire Elementalist on Feb 27, 2017.
             Was the Champion of Ashenzari.
             Killed from afar by a Hell Sentinel (29 damage)
             ... with an iron shot
             ... on level 5 of the Depths on Mar 1, 2017.
             The game lasted 10:44:58 (84517 turns).

nubinia the Slayer (Gargoyle Fire Elementalist)    Turns: 84517, Time: 10:44:59

Health: -5/150     AC: 58    Str: 16 (17) XL:     27
Magic:  7/45       EV: 23    Int: 28      God:    Ashenzari [******]
Gold:   4194       SH: 16    Dex: 15 (16) Spells: 4/63 levels left

rFire    + + +     SeeInvis +   C - +9 mace (protect) (curse)
rCold    . . .     Gourm    .   v - +10 pearl dragon scales (curse)
rNeg     + + +     Faith    .   q - +2 shield {rF+} (curse)
rPois    ∞         Spirit   .   i - +1 helmet of Paranoia {rF+} (curse)
rElec    +         Reflect  .   T - +1 cloak (curse)
rCorr    .         Harm     .   m - +2 pair of gloves {archery} (curse)
MR       +++..     Clarity  +   G - +2 pair of boots (curse)
Stlth    ++........             W - macabre finger necklace {rN+} (curse)
Regen    1.2/turn               a - ring of Comig {EV+5 Dex+4} (curse)
MPRegen  0.3/turn               J - ring of Woir {rF+ Int+4} (curse)
                                X - ring of Vorab {Str+2 Int+4 Stlth+} (curse)

@: flying
A: big wings, hooves 1, blink, deformed body, deterioration 1, dopey 2, frail 2,
magic resistance 1, negative energy resistance 1, regeneration 2, electricity
resistance, wild magic 1, unbreathing, petrification resistance, rot immunity,
AC +20
0: Orb of Zot
}: 3/15 runes: decaying, slimy, gossamer
a: Stop Flying, Blink, Curse Item, Scrying, Transfer Knowledge, Renounce
Religion


You were on level 5 of the Depths.
You worshipped Ashenzari.
Ashenzari was exalted by your worship.
You were very hungry.

You visited 12 branches of the dungeon, and saw 57 of its levels.
You visited the Abyss 2 times.
You also visited: Sewer.

You collected 7051 gold pieces.
You spent 2857 gold pieces at shops.

Inventory:

Hand Weapons
 C - a cursed +9 mace of protection (weapon)
Armour
 i - the cursed +1 helmet of Paranoia (worn) {rF+}
   (You acquired it on level 3 of the Swamp)

   It protects you from fire.
   It has a curse placed upon it.
 m - a cursed +2 pair of gloves of archery (worn)
 q - a cursed +2 shield of fire resistance (worn)
 v - cursed +10 pearl dragon scales (worn)
 G - a cursed +2 pair of boots (worn)
 T - a cursed +1 cloak (worn)
Jewellery
 a - the cursed ring of Comig (right hand) {EV+5 Dex+4}
   (You bought it in a shop on level 2 of the Orcish Mines)

   [ring of evasion]

   It affects your evasion (+5).
   It affects your dexterity (+4).
   It has a curse placed upon it.
 J - the cursed ring of Woir (left hand) {rF+ Int+4}
   (You bought it in a shop on level 3 of the Depths)

   [ring of protection from fire]

   It affects your intelligence (+4).
   It protects you from fire.
   It has a curse placed upon it.
 W - the cursed macabre finger necklace (around neck) {rN+}
   (You bought it in a shop on level 1 of the Elven Halls)

   [amulet of nothing]

   It protects you from negative energy.
   It has a curse placed upon it.
 X - the cursed ring of Vorab (on amulet) {Str+2 Int+4 Stlth+}
   (You found it on level 2 of the Lair of Beasts)

   [ring of stealth]

   It affects your strength (+2).
   It affects your intelligence (+4).
   It makes you more stealthy.
   It has a curse placed upon it.
Wands
 e - a wand of lightning (9/15)
 o - a wand of iceblast (2/15)
 s - a wand of iceblast (8/15)
 F - a wand of scattershot (3/9)
 L - a wand of scattershot (2/9)
 P - a wand of digging (14/24)
 Q - a wand of clouds (1/9)
 R - a wand of iceblast (7/15)
Scrolls
 d - 4 scrolls of fear
 h - a scroll of remove curse
 j - 8 scrolls of amnesia
 l - 7 scrolls of teleportation
 n - 9 scrolls of blinking
 r - 5 scrolls of fog
 t - a scroll of holy word
 B - 3 scrolls of summoning
 H - 4 scrolls of magic mapping
 K - 12 scrolls of identify
 Z - 6 scrolls of recharging
Potions
 f - 9 potions of brilliance
 g - 3 potions of haste
 k - 20 potions of curing
 p - a potion of might
 z - 10 potions of heal wounds
 D - a potion of magic
 I - 9 potions of cancellation
 O - 4 potions of agility
 S - 3 potions of berserk rage
 V - 4 potions of invisibility
 Y - a potion of resistance
Books
 M - a book of Conjurations

   Spells                             Type                      Level
   a - Magic Dart                     Conjuration                  1
   b - Searing Ray                    Conjuration                  2
   c - Dazzling Spray                 Conjuration/Hexes            3
   d - Fulminant Prism                Conjuration/Hexes            4
   e - Force Lance                    Conjuration/Translocation    4
   f - Iskenderun's Mystic Blast      Conjuration                  4
Miscellaneous
 b - 4 phantom mirrors
 c - a phial of floods
 u - a lamp of fire
 w - a lightning rod (4/4)
 y - a fan of gales
 N - 2 sacks of spiders
Comestibles
 x - 30 fruits


   Skills:
 * Level 23.3 Fighting
 - Level 16.1(20.0) Maces & Flails
 + Level 16.9(20.7) Armour
 - Level 10.8(15.0) Dodging
 + Level 11.8 Stealth
 * Level 13.4(16.0) Shields
 - Level 0.2 Unarmed Combat
 + Level 18.6 Spellcasting
 + Level 19.1(22.7) Conjurations
 - Level 2.2(5.7) Charms
 + Level 17.0(20.8) Fire Magic
 + Level 11.5(15.7) Earth Magic
 + Level 3.8(8.0) Evocations


You had 4 spell levels left.
You knew the following spells:

 Your Spells              Type           Power        Failure   Level  Hunger
a - Flame Tongue          Conj/Fire      #####        1%          1    None
b - Throw Flame           Conj/Fire      ######       1%          2    None
c - Mephitic Cloud        Conj/Pois/Air  #######.     1%          3    None
d - Bolt of Draining      Conj/Necr      #######...   1%          5    None
e - Fireball              Conj/Fire      ########..   1%          5    None
f - Force Lance           Conj/Tloc      #######.     1%          4    None
g - Shroud of Golubria    Chrm/Tloc      ######....   3%          2    None
h - Petrify               Tmut/Erth      #######.     2%          4    None
i - Sticky Flame          Conj/Fire      ########     1%          4    None
j - Passwall              Tmut/Erth      #######...   1%          2    None
k - Fulminant Prism       Conj/Hex       #######...   1%          4    None
l - Lee's Rapid Deconstr  Erth           #######...   1%          5    None
m - Stone Arrow           Conj/Erth      ######       1%          3    None
n - Swiftness             Chrm/Air       ######..     3%          2    None
o - Dazzling Spray        Conj/Hex       ######       1%          3    None
p - Iskenderun's Mystic   Conj           ########     1%          4    None
C - Conjure Flame         Conj/Fire      ########     1%          3    None
R - Regeneration          Chrm/Necr      ######....   6%          3    None


Dungeon Overview and Level Annotations

Branches:
Dungeon (15/15)            Temple (1/1) D:6            Lair (6/6) D:8
  Swamp (4/4) Lair:4       Spider (4/4) Lair:2        Slime (5/5) Lair:5
    Orc (2/2) D:9             Elf (3/3) Orc:2        Vaults (4/5) D:14
  Crypt (3/3) Vaults:2       Tomb (0/3) Crypt:3      Depths (5/5) D:15
    Zot (5/5) Depths:5

Altars:
Ashenzari
Cheibriados
Dithmenos
Elyvilon
Fedhas
Gozag
Hepliaklqana
Kikubaaqudgha
Makhleb
Nemelex Xobeh
Okawaru
Qazlal
Ru
Sif Muna
Trog
Uskayaw
Vehumet
Wu Jian
Xom
Yredelemnul
Zin
The Shining One
Beogh
Jiyva

Shops:
D:11 [   D:15 }   Orc:1 *   Orc:2 =(*[   Elf:1 =   Elf:2 %   Elf:3 !
Vaults:2 }   Depths:1 *   Depths:3 =

Portals:
Hell: Depths:1 Depths:2 Depths:3 Depths:4 Depths:5
Abyss: Depths:4
Pandemonium: Depths:2 Depths:3
Ziggurat: Depths:2

Annotations:
Slime:5 Royal Jelly
Elf:2 3 runed doors


Innate Abilities, Weirdness & Mutations

You are resistant to torment.
Your stone body is resilient. (AC +20)
You are immune to poison.
Your large and strong wings let you fly indefinitely.
You resist negative energy. (rN+)
You are resistant to electric shocks. (rElec)
You can survive without breathing.
You are immune to petrification.
You are immune to rotting.
You have large cloven feet.
You can translocate small distances at will.
Armour fits poorly on your strangely shaped body.
Your body sometimes deteriorates upon taking damage.
You are very dopey. (Int -4)
You are very frail. (-20% HP)
You are resistant to hostile enchantments. (MR+)
You heal very quickly.
Your spells are a little harder to cast, but a little more powerful.


Message History

Aiming: Iskenderun's Mystic Blast
Press: ? - help, Shift-Dir - straight line, f/p - Hell Sentinel
Aim: a Hell Sentinel (severely wounded)
The orb of energy hits the Hell Sentinel.
The Hell Sentinel is severely wounded.
The Hell Sentinel gestures at you.
The sphere of damnation explodes!
The damnation engulfs you!
* * * LOW HITPOINT WARNING * * *
Your body deteriorates!
You feel weakened.
Okay, then.
Casting: Iskenderun's Mystic Blast
Confirm with . or Enter, or press ? or * to list all spells.
Aiming: Iskenderun's Mystic Blast
Press: ? - help, Shift-Dir - straight line, f/p - Hell Sentinel
Aim: a Hell Sentinel (severely wounded)
The orb of energy hits the Hell Sentinel.
The Hell Sentinel is almost dead.
The Hell Sentinel gestures at you. The iron shot hits you!
You die...

.##.........+..........'.###.##..
..#....####################...^..
..#..###.................)##.....
.)####...........).........##..##
)..##.....##############.)..#..'.
.[.#.....##.....{.....###...##+#.
..##....##..#########..#....#...#
..'....##[)##.......##.#...##.###
..'....#...'1...@..∩.#.'..#####..
..'....##..##.......##(#...##....
..##....##..#########..#....#....
...#.....##........){.###...#....
#..##.....##############....#....
######.............{)......##..(#
..#..###..................###..##
..#....####################.####.
..###........#....##...##...#..#.


You could see a Hell Sentinel.

Vanquished Creatures
  An orb of fire (Zot:5)
  6 ancient liches
  Khufu (Crypt:2)
  3 greater mummies (Crypt:3)
  Boris (Crypt:1)
  A curse toe (Zot:5)
  3 Killer Klowns
  5 golden dragons
  Jory (Crypt:3)
  3 electric golems
  3 liches
  Rupert (Lair:3)
  7 tentacled monstrosities
  20 Orb Guardians
  A titan (Depths:5)
  2 deep elf blademasters (Elf:3)
  2 deep elf master archers (Elf:3)
  A quicksilver dragon (Depths:4)
  10 acid blobs
  2 death cobs
  Kirke (Lair:6)
  3 sphinxes
  5 ancient champions
  4 shadow dragons
  5 storm dragons
  A thorn hunter (Swamp:2)
  2 draconian monks (Zot:4)
  5 tengu reavers
  Donald (Vaults:3)
  5 azure jellies
  The ghost of SilenceOfTheYaks the Impaler, an adept DsFi of Okawaru (Depths:1)
  2 revenants (Crypt:3)
  8 vault wardens
  3 draconian knights
  9 fire giants
  4 ghost moths
  7 deep elf sorcerers
  2 draconian scorchers
  3 orc warlords
  2 iron dragons (Depths:5)
  9 emperor scorpions
  9 frost giants
  Aizul (Swamp:2)
  3 ghouls (Crypt:1)
  Louise (Spider:1)
  5 curse skulls
  27 very ugly things
  A draconian shifter (Depths:5)
  A reaper (Crypt:1)
  4 deep elf elementalists
  17 stone giants
  3 draconian annihilators
  7 ironheart preservers
  5 spriggan defenders
  2 entropy weavers
  2 black draconians
  24 vampire knights
  9 deep elf demonologists
  Azrael (Orc:2)
  7 purple draconians
  A dire elephant (Lair:6)
  5 green draconians
  3 red draconians
  2 yellow draconians
  3 white draconians (Zot:5)
  13 deep elf annihilators
  15 spark wasps
  9 ettins
  8 eidola
  7 deep elf death magi
  Snorg (Orc:2)
  2 merfolk javelineers (Depths:2)
  18 jiangshi
  A death ooze (Slime:5)
  10 fire dragons
  7 deep elf high priests
  12 great orbs of eyes
  13 ogre magi
  10 hydras
  3 vault guards
  7 rakshasas
  8 yaktaur captains
  11 ice dragons
  Harold (D:10)
  3 catoblepae
  9 spriggan air magi
  34 two-headed ogres
  12 centaur warriors
  A ghost crab (Swamp:4)
  The ghost of Gorglomux the Grappler, a novice TrHu of Okawaru (D:8)
  20 dancing weapons
  9 death yaks
  10 tengu warriors
  A queen ant (shapeshifter) (Vaults:1)
  13 deep troll earth magi
  6 alligators
  4 orc high priests (Orc:2)
  6 deep troll shamans
  18 vampire magi
  5 thrashing horrors (Abyss:3)
  10 spriggan berserkers
  22 deep elf knights
  Urug (D:14)
  4 death knights
  2 hell knights
  A sun demon (Abyss:3)
  2 soul eaters
  Nergalle (Lair:1)
  3 storm dragon zombies
  5 shadow wraiths
  2 iron trolls (Depths:1)
  2 fire crabs (Swamp:4)
  40 skeletal warriors
  A sixfirhy (Zot:3)
  6 flayed ghosts
  5 golden dragon zombies
  2 unseen horrors
  A glowing orange brain (Vaults:3)
  6 swamp dragons
  2 spriggan druids (Swamp:4)
  24 deep trolls
  14 phantasmal warriors
  2 shadow dragon zombies
  5 wizards
  17 ironbrand convokers
  A sphinx zombie (Crypt:3)
  19 deep elf archers
  3 wolf spider zombies
  3 necromancers
  13 orc knights
  4 shambling mangroves
  2 salamanders (Depths:4)
  7 orc sorcerers
  73 ugly things
  2 oklob plants
  37 wolf spiders
  A manticore (shapeshifter) (Elf:3)
  A faun (shapeshifter) (Depths:2)
  A shining eye (Slime:5)
  A salamander (shapeshifter) (Vaults:1)
  12 orb spiders
  8 cyclopes
  53 deep elf magi
  4 large abominations
  A worldbinder (Abyss:3)
  Maurice (D:8)
  A fire giant skeleton (Depths:3)
  A manticore (D:12)
  5 black mambas
  17 elephants
  Joseph (D:7)
  11 moths of wrath
  6 vault sentinels
  A black mamba (shapeshifter) (Vaults:4)
  2 eyes of devastation
  An elephant (shapeshifter) (Depths:1)
  2 smoke demons
  A storm dragon simulacrum (Vaults:3)
  3 torpor snails
  A purple draconian zombie (Crypt:2)
  An alligator snapping turtle zombie (Crypt:1)
  22 spiny frogs
  An emperor scorpion zombie (Crypt:3)
  An iron troll zombie (Crypt:1)
  A rime drake (shapeshifter) (Depths:1)
  A spark wasp simulacrum (Depths:3)
  3 rime drakes
  9 demonic crawlers
  57 yaktaurs
  An ice devil (Zot:4)
  9 komodo dragons
  3 ancient zymes (Abyss:3)
  A redback zombie (D:15)
  10 freezing wraiths
  A komodo dragon (shapeshifter) (Elf:3)
  An efreet (Abyss:3)
  8 trolls
  4 tengu conjurers
  2 sea snake skeletons
  A purple draconian skeleton (Crypt:2)
  A polar bear (shapeshifter) (D:14)
  34 jumping spiders
  A polar bear (D:9)
  A harpy zombie (D:15)
  8 tyrant leeches
  24 hornets
  10 bog bodies
  A death drake skeleton (Crypt:3)
  7 raiju
  A wind drake (shapeshifter) (Vaults:1)
  11 hippogriffs
  A satyr zombie (Crypt:3)
  102 slime creatures
  2 ettin zombies (Crypt:3)
  34 blink frogs
  2 dream sheep (Lair:5)
  A hippogriff (shapeshifter) (Orc:2)
  3 human simulacra
  A meliai zombie (D:15)
  A guardian serpent skeleton (Crypt:3)
  11 flying skulls
  A spriggan (shapeshifter) (Depths:2)
  2 tarantellas (shapeshifter)
  12 water elementals
  A fire dragon skeleton (Crypt:1)
  11 spriggans
  A ynoxinul (Abyss:2)
  41 tarantellas
  11 air elementals
  5 shadows
  9 wraiths
  20 vampires
  A wyvern (D:15)
  2 centaur simulacra (D:14)
  83 redbacks
  35 yaks
  2 basilisks
  4 fire elementals
  5 hogs
  2 humans (shapeshifter) (Vaults:3)
  A human (D:10)
  4 fire bats (Swamp:4)
  A golden eye (shapeshifter) (Depths:5)
  2 hungry ghosts
  12 vampire mosquitoes
  A yak (shapeshifter) (Depths:3)
  5 steam dragons
  A chaos spawn (Abyss:3)
  A yaktaur simulacrum (Vaults:1)
  A neqoxec (Zot:4)
  13 wargs
  A merfolk zombie (Abyss:3)
  6 small abominations
  31 swamp worms
  7 swamp drakes
  Duvessa (D:4)
  2 floating eyes
  4 porcupines
  2 hell hounds (Orc:1)
  A floating eye (shapeshifter) (Depths:5)
  14 water moccasins
  51 orc warriors
  2 sky beasts
  A black bear (Lair:6)
  3 eyes of draining
  A hornet zombie (D:14)
  Purgy (D:4)
  A sky beast (shapeshifter) (Abyss:3)
  A spiny frog skeleton (Crypt:2)
  A phantom (D:8)
  3 necrophages
  11 ice beasts
  40 ogres
  3 boggarts (Depths:2)
  3 centaurs
  15 wolves
  A human skeleton (Vaults:2)
  A torpor snail zombie (Crypt:2)
  14 crocodiles
  14 big kobolds
  A rime drake skeleton (Crypt:1)
  3 human zombies
  Blork the orc (D:4)
  15 bullfrogs
  2 earth elementals
  A wyvern zombie (D:15)
  A wyvern skeleton (D:12)
  37 scorpions
  A shapeshifter zombie (Crypt:3)
  Dowan (D:4)
  14 killer bees
  8 wights
  15 electric eels
  5 howler monkeys
  11 crimson imps
  2 bullfrog zombies
  A lava snake (Swamp:4)
  3 quasits
  A jelly (D:10)
  5 hounds
  Crazy Yiuf (D:7)
  2 bullfrog skeletons
  35 orc priests
  5 centaur skeletons
  2 gnoll shamans (D:8)
  5 iguanas
  An iguana (shapeshifter) (Depths:2)
  3 iron imps
  6 hell rats (Lair:4)
  5 worker ants
  51 orc wizards
  A naga skeleton (Crypt:3)
  A naga zombie (Crypt:3)
  A hound zombie (D:9)
  A river rat (D:3)
  14 adders
  8 gnolls (D:8)
  2 hound simulacra (D:9)
  2 shadow imps
  A swamp drake skeleton (Crypt:2)
  5 white imps
  A worker ant simulacrum (D:9)
  3 ufetubi
  4 oozes (Sewer)
  2 adder skeletons
  An adder zombie (D:6)
  3 worms
  A dart slug (D:2)
  An adder simulacrum (D:9)
  3 leopard geckos
  117 orcs
  2 ball pythons (Sewer)
  A bat skeleton (Crypt:1)
  8 giant cockroaches
  5 goblins
  7 hobgoblins
  15 jackals
  5 quokkas
  6 bats
  7 frilled lizards
  A jackal zombie (Crypt:2)
  34 kobolds
  An orc skeleton (Crypt:2)
  A quokka skeleton (D:8)
  A quokka zombie (D:5)
  9 rats
  2 crawling corpses (Elf:3)
  4 plants
2532 creatures vanquished.

Vanquished Creatures (collateral kills)
  A swamp dragon (Swamp:4)
  2 vampire mosquitoes (Swamp:4)
3 creatures vanquished.

Vanquished Creatures (others)
  A lich (Vaults:4)
  3 fire giants
  3 hydras (Swamp:4)
  2 swamp dragons (Swamp:4)
  An ironbrand convoker (Vaults:4)
  A lindwurm (Swamp:4)
  A moth of wrath (Zot:5)
  An ugly thing (Depths:2)
  A yaktaur (Depths:2)
  A tyrant leech (Swamp:4)
  A hornet (Depths:2)
  2 steam dragons (Swamp:4)
  5 swamp drakes (Swamp:4)
  2 orc wizards (Orc:2)
  An orc priest (Orc:1)
  3 orcs
  A bush (Lair:5)
  2 fulminant prisms
  12 fungi
  A lurking horror (Abyss:2)
  14 plants
  2 starspawn tentacles (Abyss:3)
  7 toadstools (Swamp:2)
68 creatures vanquished.

Grand Total: 2603 creatures vanquished

Notes
Turn   | Place    | Note
-------+----------+-------------------------------------------
     0 | D:1      | nubinia the Gargoyle Fire Elementalist began the quest for the Orb.
     0 | D:1      | Reached XP level 1. HP: 10/10 MP: 3/3
   216 | D:1      | Reached XP level 2. HP: 15/15 MP: 3/5
   220 | D:1      | Learned a level 2 spell: Throw Flame
   773 | D:2      | Found a shattered altar of Ashenzari.
   777 | D:2      | Found a glowing golden altar of the Shining One.
   810 | D:2      | Reached XP level 3. HP: 14/19 MP: 3/6
   815 | D:2      | Learned a level 3 spell: Conjure Flame
  1425 | D:2      | Reached XP level 4. HP: 24/24 MP: 5/7
  1742 | D:3      | Found a glowing drain.
  1830 | Sewer    | Entered a sewer
  1850 | Sewer    | Noticed a big kobold
  1982 | Sewer    | Killed a big kobold
  1982 | Sewer    | Reached XP level 5. HP: 28/28 MP: 4/9
  2066 | Sewer    | Noticed a big kobold
  2066 | Sewer    | Noticed a big kobold
  2080 | Sewer    | Killed a big kobold
  2080 | Sewer    | Reached XP level 6. HP: 32/32 MP: 5/10
  2088 | Sewer    | Reached skill level 5 in Fire Magic
  2201 | Sewer    | Reached XP level 7. HP: 36/36 MP: 6/12
  3425 | D:4      | Reached skill level 1 in Armour
  3425 | D:4      | Reached XP level 8. HP: 34/42 MP: 13/15
  3477 | D:4      | Noticed Duvessa
  3478 | D:4      | Noticed Dowan
  3973 | D:4      | Noticed Purgy
  3980 | D:4      | Killed Purgy
  4090 | D:4      | Noticed Blork the orc
  4096 | D:4      | Killed Blork the orc
  4300 | D:4      | Reached skill level 5 in Spellcasting
  4303 | D:4      | Found a shadowy altar of Dithmenos.
  4342 | D:3      | Learned a level 4 spell: Sticky Flame
  4423 | D:4      | Reached skill level 1 in Fighting
  4646 | D:4      | Killed Dowan
  4646 | D:4      | Reached skill level 5 in Conjurations
  4716 | D:4      | Killed Duvessa
  4716 | D:4      | Reached XP level 9. HP: 47/47 MP: 6/17
  4875 | D:4      | Reached skill level 1 in Maces & Flails
  5234 | D:5      | Entered Level 5 of the Dungeon
  5294 | D:5      | Learned a level 5 spell: Fireball
  7201 | D:6      | Found a staircase to the Ecumenical Temple.
  7210 | Temple   | Entered the Ecumenical Temple
  7303 | D:2      | Became a worshipper of Ashenzari the Shackled
  7933 | D:7      | Noticed Joseph
  8217 | D:7      | Noticed a hornet
  8225 | D:7      | Killed a hornet
  8345 | D:7      | Found a hazy altar of Hepliaklqana.
  8458 | D:7      | Found a runed door.
  8462 | D:7      | Noticed Crazy Yiuf
  8465 | D:7      | Killed Crazy Yiuf
  8465 | D:7      | Reached XP level 10. HP: 53/53 MP: 13/20
  8612 | D:7      | Found a stormy altar of Qazlal.
  8787 | D:7      | Killed Joseph
  8787 | D:7      | Reached skill level 2 in Fighting
  8851 | D:8      | Found an ancient bone altar of Kikubaaqudgha.
  8951 | D:8      | Noticed a catoblepas
  8994 | D:8      | Killed a catoblepas
  8994 | D:8      | Reached skill level 5 in Stealth
  9108 | D:8      | Found a staircase to the Lair.
  9133 | D:8      | Noticed a two-headed ogre
  9151 | D:8      | Killed a two-headed ogre
  9240 | D:8      | Reached * piety under Ashenzari
  9315 | D:8      | Noticed a two-headed ogre
  9328 | D:8      | Killed a two-headed ogre
  9394 | D:8      | Noticed Maurice
  9403 | D:8      | Killed Maurice
  9608 | D:8      | Noticed Gorglomux's ghost (novice TrHu)
  9620 | D:8      | Killed Gorglomux's ghost
  9620 | D:8      | Reached XP level 11. HP: 32/59 MP: 11/23
  9673 | D:8      | Found a bloodstained altar of Trog.
  9786 | D:9      | Noticed a two-headed ogre
  9827 | Lair:1   | Entered Level 1 of the Lair of Beasts
 10010 | Lair:1   | Noticed a six-headed hydra
 10018 | Lair:1   | Killed a six-headed hydra
 10018 | Lair:1   | Reached skill level 5 in Armour
 10200 | Lair:1   | Reached ** piety under Ashenzari
 10296 | Lair:1   | Noticed Nergalle
 10325 | Lair:2   | Identified the ring of Vorab {Str+2 Int+4 Stlth+}
 10537 | Lair:2   | Reached skill level 5 in Maces & Flails
 10546 | Lair:2   | Reached skill level 3 in Fighting
 10821 | Lair:2   | Found a hole to the Spider Nest.
 10915 | Lair:2   | Reached skill level 10 in Fire Magic
 10915 | Lair:2   | Reached XP level 12. HP: 64/64 MP: 14/25
 11230 | Lair:2   | Reached skill level 10 in Conjurations
 11349 | Lair:2   | Identified the +4 plate armour "Asuon" {rN++ Str-3 Int+3}
 11983 | Lair:3   | Reached *** piety under Ashenzari
 12013 | Lair:3   | Noticed Rupert
 12071 | Lair:3   | Found a sacrificial altar of Ru.
 12166 | Lair:3   | Killed Rupert
 12166 | Lair:3   | Reached skill level 10 in Spellcasting
 13466 | Lair:4   | Reached XP level 13. HP: 48/70 MP: 4/27
 13722 | Lair:4   | Reached skill level 4 in Fighting
 13974 | Lair:4   | Reached **** piety under Ashenzari
 14177 | Lair:4   | Found a staircase to the Swamp.
 14469 | Lair:4   | Learned a level 3 spell: Stone Arrow
 14471 | Lair:4   | Learned a level 1 spell: Sandblast
 14476 | Lair:4   | Learned a level 4 spell: Petrify
 14482 | Lair:4   | Learned a level 5 spell: Lee's Rapid Deconstruction
 14569 | Lair:4   | Reached skill level 1 in Earth Magic
 14613 | Lair:4   | Learned a level 2 spell: Passwall
 14681 | Lair:5   | Reached skill level 1 in Transmutations
 14958 | Lair:5   | Noticed Kirke
 15313 | Lair:6   | Entered Level 6 of the Lair of Beasts
 15927 | Lair:6   | Reached skill level 1 in Evocations
 16139 | Lair:6   | Reached skill level 5 in Fighting
 16683 | Lair:6   | Gained mutation: Your large and strong wings let you fly indefinitely. [Gargoyle growth]
 16683 | Lair:6   | Reached XP level 14. HP: 66/78 MP: 23/28
 17885 | Lair:6   | Noticed a dire elephant
 17995 | Lair:6   | Killed a dire elephant
 18108 | Lair:6   | Killed Kirke
 18163 | Lair:5   | Found a staircase to the Slime Pits.
 18513 | Swamp:1  | Entered Level 1 of the Swamp
 18790 | Swamp:1  | Reached ***** piety under Ashenzari
 19070 | Swamp:1  | Reached skill level 6 in Fighting
 19501 | Swamp:2  | Noticed Aizul
 20201 | Swamp:2  | Noticed a thorn hunter
 20201 | Swamp:2  | Killed Aizul
 20580 | Swamp:2  | Reached XP level 15. HP: 72/84 MP: 26/30
 20693 | Swamp:2  | Learned a level 2 spell: Shroud of Golubria
 21025 | Swamp:2  | Killed a thorn hunter
 21373 | Lair:1   | Killed Nergalle
 21918 | D:9      | Found a staircase to the Orcish Mines.
 22030 | D:9      | Found a roughly hewn altar of Beogh.
 22079 | D:9      | Identified the +4 flail of Profit {antimagic, Dex+2}
 22141 | D:9      | Found a white marble altar of Elyvilon.
 22739 | Orc:1    | Entered Level 1 of the Orcish Mines
 22936 | Orc:2    | Entered Level 2 of the Orcish Mines
 23372 | Orc:2    | Paralysed by an ogre mage for 6 turns
 23376 | Orc:2    | Noticed an orc warlord
 23510 | D:9      | Killed an orc warlord
 24804 | Orc:2    | Noticed Azrael
 25361 | Orc:2    | Killed Azrael
 26019 | D:10     | Entered Level 10 of the Dungeon
 26209 | Orc:2    | Noticed an orc warlord
 26223 | Orc:2    | Killed an orc warlord
 26541 | Orc:2    | Noticed Snorg
 26556 | Orc:2    | Killed Snorg
 26688 | Orc:2    | Found a staircase to the Elven Halls.
 26785 | Orc:2    | Reached skill level 7 in Fighting
 26938 | Orc:2    | Found Lihopux's Antique Armour Shoppe.
 26939 | Orc:2    | Found Wikhuon's Antique Weapon Shoppe.
 26940 | Orc:2    | Found Jyatt's General Store.
 26940 | Orc:2    | Found Coloaneo's Jewellery Emporium.
 26956 | Orc:2    | Bought a pair of gloves for 112 gold pieces
 26969 | Orc:2    | Bought a scroll of enchant weapon for 105 gold pieces
 27148 | Orc:1    | Noticed an orc warlord
 27200 | Orc:2    | Killed an orc warlord
 27387 | Orc:2    | Reached XP level 16. HP: 82/92 MP: 31/31
 27582 | Orc:1    | Found Ixtiem's Assorted Antiques.
 27590 | Orc:1    | Bought a scroll of enchant weapon for 232 gold pieces
 27590 | Orc:1    | Bought a murky purple potion for 27 gold pieces
 27592 | Orc:1    | Gained mutation: You are frail. (-10% HP) [potion of mutation]
 27592 | Orc:1    | Gained mutation: You evolve. [potion of mutation]
 28200 | Swamp:3  | Gained mutation: You can translocate small distances at will. [evolution]
 28328 | Swamp:3  | Reached ****** piety under Ashenzari
 28586 | Swamp:3  | Reached skill level 10 in Armour
 28617 | Swamp:3  | Reached skill level 10 in Maces & Flails
 28719 | Swamp:3  | Identified a scroll of acquirement
 28720 | Swamp:3  | Got the cursed helmet of Paranoia {rF+}
 28731 | Swamp:3  | Identified the cursed +1 helmet of Paranoia {rF+} (You acquired it on level 3 of the Swamp)
 28925 | Swamp:4  | Entered Level 4 of the Swamp
 29146 | Swamp:4  | Identified the cursed +0 quarterstaff "Arcanum" {freeze, rPois Str-5 Int+3 Dex+7}
 29278 | Swamp:4  | Upgraded the game from 0.20-a0-785-g17250f0 to 0.20-a0-792-g09bcfd3
 29633 | Swamp:4  | Noticed a tentacled monstrosity
 29674 | Swamp:3  | HP: 3/82 [six-headed hydra (8)]
 31085 | Swamp:4  | Got a decaying rune of Zot
 31383 | Swamp:4  | Killed a tentacled monstrosity
 32069 | Lair:2   | Gained mutation: You rapidly evolve. [evolution]
 32069 | Lair:2   | Lost mutation: You rapidly evolve. [decline of evolution]
 32217 | Elf:1    | Entered Level 1 of the Elven Halls
 32922 | Elf:1    | Reached XP level 17. HP: 75/87 MP: 26/33
 33243 | Elf:1    | Reduced skill Transmutations to level 1
 33274 | Elf:1    | Reached skill level 5 in Earth Magic
 33654 | Elf:1    | Found a radiant altar of Vehumet.
 33814 | Elf:1    | Found Osith's Jewellery Shop.
 34507 | Elf:1    | Noticed an Executioner
 34532 | Elf:1    | Reached skill level 15 in Conjurations
 34591 | Elf:1    | Identified the +2 robe of the Sunfish {Int+2} (You took it off a deep elf knight on level 1 of the Elven Halls)
 34608 | Elf:1    | Identified the +1 robe of the Fiddle {rF+} (You took it off a deep elf archer on level 1 of the Elven Halls)
 34796 | Elf:1    | Noticed an Ice Fiend
 34798 | Elf:1    | Reached skill level 8 in Fighting
 35012 | Elf:1    | Cast into level 2 of the Abyss (a deep elf sorcerer)
 35447 | Abyss:3  | Noticed a tentacled starspawn
 35462 | Abyss:3  | Reached skill level 5 in Dodging
 35470 | Abyss:3  | Noticed a tentacled starspawn
 35711 | Abyss:4  | Found a corrupted altar of Lugonu.
 35740 | Elf:1    | Escaped the Abyss
 36589 | Elf:2    | Found Uvetien's Food Boutique.
 36934 | Elf:2    | Found a huge runed gate.
 36934 | Elf:2    | Found a huge runed gate.
 36935 | Elf:2    | Found a huge runed gate.
 36996 | Elf:2    | Learned a level 5 spell: Bolt of Draining
 37005 | Elf:2    | Learned a level 3 spell: Regeneration
 37559 | D:10     | Reached XP level 18. HP: 92/92 MP: 29/35
 37971 | D:10     | Reached skill level 1 in Charms
 38091 | D:10     | Found a sacrificial altar of Ru.
 38169 | D:10     | Noticed Harold
 38180 | D:10     | Killed Harold
 38391 | D:11     | Reached skill level 1 in Necromancy
 38968 | D:11     | Found a sacrificial altar of Ru.
 39039 | D:11     | Identified the +5 chain mail of Ybaptepp {Stlth+}
 39236 | D:11     | Found Zadghecw's Armour Shop.
 39621 | D:12     | Lost mutation: You evolve. [potion of mutation]
 39621 | D:12     | Lost mutation: You are frail. (-10% HP) [potion of mutation]
 39621 | D:12     | Lost mutation: You can translocate small distances at will. [potion of mutation]
 39621 | D:12     | Gained mutation: You are agile. (Dex +2) [potion of mutation]
 39621 | D:12     | Gained mutation: You are frail. (-10% HP) [potion of mutation]
 39621 | D:12     | Gained mutation: You expend magic power (3 MP) to strengthen your wands. [potion of mutation]
 39621 | D:12     | Gained mutation: You have supernaturally acute eyesight. (SInv) [potion of mutation]
 39863 | D:12     | Found a glowing golden altar of the Shining One.
 40355 | Orc:2    | Bought the ring of Comig {EV+5 Dex+4} for 915 gold pieces
 40443 | Elf:1    | Bought the macabre finger necklace {rN+} for 600 gold pieces
 41258 | D:14     | Found a gate to the Vaults.
 41592 | D:14     | Noticed Urug
 41593 | D:14     | Paralysed by a sphinx for 6 turns
 41599 | D:14     | Killed Urug
 42383 | D:14     | Identified the amulet of Wucyit {Gourm Dex+3} (You took it off a fire giant on level 14 of the Dungeon)
 42646 | Vaults:1 | Entered Level 1 of the Vaults
 42827 | Vaults:1 | Learned a level 4 spell: Force Lance
 42903 | Vaults:1 | Reached skill level 9 in Fighting
 43506 | Vaults:1 | Reached XP level 19. HP: 66/99 MP: 7/36
 44272 | Vaults:1 | Lost mutation: You are agile. (Dex +2) [potion of mutation]
 44272 | Vaults:1 | Lost mutation: You expend magic power (3 MP) to strengthen your wands. [potion of mutation]
 44272 | Vaults:1 | Lost mutation: You are frail. (-10% HP) [potion of mutation]
 44272 | Vaults:1 | Gained mutation: You are resistant to hostile enchantments. (MR+) [potion of mutation]
 44272 | Vaults:1 | Gained mutation: You are dopey. (Int -2) [potion of mutation]
 44272 | Vaults:1 | Lost mutation: You have supernaturally acute eyesight. (SInv) [potion of mutation]
 44272 | Vaults:1 | Gained mutation: You possess an exceptional clarity of mind. [potion of mutation]
 45286 | Spider:1 | Entered Level 1 of the Spider Nest
 46314 | Spider:1 | Lost mutation: You possess an exceptional clarity of mind. [potion of mutation]
 46314 | Spider:1 | Lost mutation: You are resistant to hostile enchantments. (MR+) [potion of mutation]
 46314 | Spider:1 | Gained mutation: Your flesh is cold resistant. (rC+) [potion of mutation]
 46314 | Spider:1 | Gained mutation: Your body sometimes deteriorates upon taking damage. [potion of mutation]
 46314 | Spider:1 | Gained mutation: You possess an exceptional clarity of mind. [potion of mutation]
 46315 | Spider:1 | Lost mutation: You are dopey. (Int -2) [potion of mutation]
 46315 | Spider:1 | Lost mutation: You possess an exceptional clarity of mind. [potion of mutation]
 46315 | Spider:1 | Gained mutation: Your natural rate of healing is unusually fast. [potion of mutation]
 46315 | Spider:1 | Gained mutation: You are frail. (-10% HP) [potion of mutation]
 46315 | Spider:1 | Gained mutation: Your mind is acute. (Int +2) [potion of mutation]
 46802 | Spider:1 | Noticed Louise
 47151 | Spider:1 | Killed Louise
 47377 | Spider:1 | Identified the +9 hand crossbow of Prescription {venom, *Drain rF+ MR+}
 47543 | Spider:2 | Lost mutation: You are frail. (-10% HP) [potion of mutation]
 47543 | Spider:2 | Lost mutation: Your flesh is cold resistant. (rC+) [potion of mutation]
 47543 | Spider:2 | Lost mutation: Your mind is acute. (Int +2) [potion of mutation]
 47543 | Spider:2 | Lost mutation: Your body sometimes deteriorates upon taking damage. [potion of mutation]
 47543 | Spider:2 | Gained mutation: You have large cloven feet. [potion of mutation]
 47543 | Spider:2 | Gained mutation: You evolve. [potion of mutation]
 48572 | Spider:4 | Entered Level 4 of the Spider Nest
 48676 | Spider:4 | Reached XP level 20. HP: 112/117 MP: 26/38
 48938 | Spider:4 | Reached skill level 10 in Fighting
 49657 | Spider:4 | Gained mutation: Scrolls take you a little longer to read. [evolution]
 49974 | Spider:4 | Got a gossamer rune of Zot
 50763 | Vaults:2 | Reached skill level 15 in Fire Magic
 50938 | Vaults:2 | Identified the +9 shortbow of Spring {flame, +Fly rElec Str+6 Int+3}
 51001 | Vaults:2 | Reached skill level 15 in Armour
 51106 | Vaults:2 | Found Sonoleng's Gadget Emporium.
 51462 | Vaults:2 | Identified the +3 arbalest of the Unstoppable Stars {penet, rC- Int+2 Dex+5}
 51662 | Vaults:2 | Identified the +6 great sword of the Final Chapter {slice, *Drain Str+2 Int+7} (You took it off an ironbrand convoker on level 2 of the Vaults)
 51665 | Vaults:2 | Reached skill level 11 in Fighting
 51665 | Vaults:2 | Reached XP level 21. HP: 124/124 MP: 35/39
 51888 | Vaults:2 | Found a staircase to the Crypt.
 52352 | Vaults:3 | Noticed Donald
 52358 | Vaults:3 | Killed Donald
 52385 | Vaults:3 | Reached XP level 22. HP: 118/130 MP: 19/40
 53590 | Vaults:4 | Gained mutation: You possess an exceptional clarity of mind. [evolution]
 53964 | Vaults:4 | Reached skill level 15 in Spellcasting
 54672 | Vaults:4 | Upgraded the game from 0.20-a0-792-g09bcfd3 to 0.20-a0-795-ga03948b
 54727 | Crypt:1  | Entered Level 1 of the Crypt
 54935 | Crypt:1  | Paralysed by a vampire knight for 3 turns
 54962 | Crypt:1  | Paralysed by a vampire knight for 7 turns
 55153 | Vaults:2 | Lost mutation: You possess an exceptional clarity of mind. [potion of mutation]
 55153 | Vaults:2 | Lost mutation: Scrolls take you a little longer to read. [potion of mutation]
 55153 | Vaults:2 | Gained mutation: You are dopey. (Int -2) [potion of mutation]
 55153 | Vaults:2 | Gained mutation: Your body sometimes deteriorates upon taking damage. [potion of mutation]
 55153 | Vaults:2 | Gained mutation: You are resistant to hostile enchantments. (MR+) [potion of mutation]
 55153 | Vaults:2 | Gained mutation: You heal very quickly. [potion of mutation]
 55380 | Crypt:1  | Reached skill level 12 in Fighting
 55439 | Crypt:1  | Learned a level 2 spell: Swiftness
 55788 | Crypt:1  | Paralysed by a vampire knight for 6 turns
 56006 | Crypt:1  | Noticed Boris
 56102 | Crypt:1  | Killed Boris
 57272 | Crypt:2  | Reached XP level 23. HP: 121/136 MP: 26/42
 57961 | Crypt:2  | Paralysed by a vampire knight for 3 turns
 59179 | Crypt:3  | Entered Level 3 of the Crypt
 60419 | Crypt:3  | Noticed Khufu
 60504 | Crypt:3  | Reached skill level 15 in Maces & Flails
 60661 | Crypt:3  | Noticed Jory
 60806 | Crypt:3  | Identified the ring "Bocvyr" {rC+ rN+} (You took it off a vampire on level 3 of the Crypt)
 60949 | Crypt:2  | Gained mutation: You can translocate small distances at will. [evolution]
 61169 | Crypt:3  | Noticed a greater mummy
 61171 | Crypt:3  | Noticed a greater mummy
 61199 | Crypt:2  | Killed Khufu
 61755 | Crypt:3  | Killed Jory
 61755 | Crypt:3  | Identified the amulet "Zuqureh" {Harm *Drain Str+4} (You took it off Jory on level 3 of the Crypt)
 61755 | Crypt:3  | Reached skill level 10 in Earth Magic
 62072 | Crypt:3  | Found a staircase to the Tomb.
 62286 | Crypt:3  | Killed a greater mummy
 62621 | Crypt:3  | Reached XP level 24. HP: 144/144 MP: 20/43
 62696 | Crypt:3  | Identified the amulet of the Hero {-Tele Regen+ Int+7 Slay+4} (You took it off a vampire knight on level 3 of the Crypt)
 62879 | Crypt:3  | Noticed a greater mummy
 63073 | Crypt:3  | Killed a greater mummy
 63174 | Crypt:3  | Identified the ring "Wirr" {*Drain rN+ Str-3 Dex+8 Stlth+} (You took it off a vampire on level 3 of the Crypt)
 63507 | Crypt:3  | Identified the cursed +0 helmet of Agonew {rPois Int+4 Stlth+}
 63512 | Crypt:3  | Identified the Papyrus of Transformation
 63895 | Crypt:3  | Killed a greater mummy
 64247 | D:15     | Entered Level 15 of the Dungeon
 64301 | D:15     | Found Bisynledi's Gadget Emporium.
 64479 | D:15     | Found a staircase to the Depths.
 64629 | D:15     | Reached skill level 13 in Fighting
 64874 | D:15     | Learned a level 3 spell: Mephitic Cloud
 65115 | Depths:1 | Entered Level 1 of the Depths
 65225 | Depths:1 | Reached skill level 14 in Fighting
 65523 | Depths:1 | Reached skill level 10 in Stealth
 65645 | Depths:1 | Gained mutation: Your spells are a little harder to cast, but a little more powerful. [evolution]
 65685 | Depths:1 | Found a gateway to Hell.
 65685 | Depths:1 | Noticed SilenceOfTheYaks's ghost (adept DsFi)
 65697 | Depths:1 | Reached skill level 15 in Fighting
 65762 | Depths:1 | Killed SilenceOfTheYaks's ghost
 65851 | Depths:1 | Found Wapo Jack's Blood Bar.
 65958 | Depths:1 | Reached skill level 16 in Fighting
 66744 | Depths:2 | Reached skill level 17 in Fighting
 67217 | Depths:2 | Reached XP level 25. HP: 134/160 MP: 15/44
 67442 | Depths:2 | Identified the +6 short sword of the Eternal Warrior {freeze, *Drain +Rage rElec Int+6} (You took it off a tengu reaver on level 2 of the Depths)
 68177 | Depths:2 | Reached skill level 10 in Dodging
 68638 | Depths:2 | Found a gateway to a ziggurat.
 68645 | Depths:2 | Identified the +8 great sword of Ru's Supremacy {holy, rPois MR+ Dex+3}
 68764 | Depths:2 | Found a one-way gate leading to the halls of Pandemonium.
 68854 | Depths:2 | Reached skill level 18 in Fighting
 69503 | Depths:3 | Found Vonkiu's Jewellery Emporium.
 70134 | Depths:3 | Reached XP level 26. HP: 165/170 MP: 41/44
 70706 | Depths:4 | Gained mutation: You are frail. (-10% HP) [evolution]
 70706 | Depths:4 | Lost mutation: You evolve. [end of evolution]
 70729 | Depths:4 | Found a one-way gate to the infinite horrors of the Abyss.
 70846 | Depths:4 | Reached skill level 19 in Fighting
 71490 | Depths:4 | Identified the +1 chain mail of Focus {Str+3}
 71981 | Elf:3    | Entered Level 3 of the Elven Halls
 72386 | Elf:3    | Found Omneurr's Distillery.
 72389 | Elf:3    | Bought a potion of heal wounds for 60 gold pieces
 72389 | Elf:3    | Bought a potion of haste for 120 gold pieces
 73031 | Elf:3    | Identified the ring "Jod Hukh" {rN+ Int+7 Dex+2} (You took it off a deep elf sorcerer on level 3 of the Elven Halls)
 73125 | Elf:3    | Identified the ring of Xifautydgh {+Fly Str+4} (You took it off a deep elf demonologist on level 3 of the Elven Halls)
 73130 | Elf:3    | Identified the +5 demon blade "Sarcophage" {freeze, rElec} (You took it off a deep elf sorcerer on level 3 of the Elven Halls)
 73344 | Elf:3    | Identified the +7 dagger of Cheibriados {pierce, rF++} (You took it off a deep elf annihilator on level 3 of the Elven Halls)
 73486 | Elf:3    | Identified the Grimoire of Aid and Cold
 73509 | Elf:3    | Learned a level 3 spell: Dazzling Spray
 73709 | Elf:3    | Reached skill level 15 in Maces & Flails
 74021 | Slime:1  | Entered Level 1 of the Pits of Slime
 74622 | Slime:3  | Reached skill level 20 in Fighting
 74758 | Slime:5  | Entered Level 5 of the Pits of Slime
 74790 | Slime:5  | Noticed the Royal Jelly
 75407 | Slime:5  | Reduced skill Maces & Flails to level 15
 75488 | Slime:5  | Reduced skill Maces & Flails to level 15
 75488 | Slime:5  | Reached skill level 21 in Fighting
 75505 | Slime:5  | Reduced skill Maces & Flails to level 15
 75505 | Slime:5  | Reached XP level 27. HP: 92/163 MP: 4/45
 75517 | Slime:5  | Found a viscous altar of Jiyva.
 75523 | Slime:5  | Identified the cursed +2 fustibalus "Gaimiom" {flame, rElec rF+ rN+ Int+3}
 75524 | Slime:5  | Identified the +8 chain mail "Uschoipu" {Int+3}
 75741 | Slime:5  | Got a slimy rune of Zot
 75747 | Slime:5  | Reduced skill Maces & Flails to level 15
 76316 | Slime:5  | Reduced skill Maces & Flails to level 15
 76422 | Slime:5  | Reduced skill Maces & Flails to level 15
 76440 | Slime:5  | Reduced skill Maces & Flails to level 15
 76598 | Slime:3  | Learned a level 4 spell: Iskenderun's Mystic Blast
 76604 | Slime:3  | Learned a level 4 spell: Fulminant Prism
 76964 | Depths:5 | Entered Level 5 of the Depths
 76975 | Depths:5 | Reduced skill Maces & Flails to level 15
 76988 | Depths:5 | Reduced skill Maces & Flails to level 15
 77002 | Depths:5 | Reduced skill Maces & Flails to level 15
 77011 | Depths:5 | Reduced skill Maces & Flails to level 15
 77017 | Depths:5 | Reduced skill Maces & Flails to level 15
 77122 | Depths:5 | Reduced skill Maces & Flails to level 15
 77135 | Depths:5 | Reduced skill Maces & Flails to level 15
 77154 | Depths:5 | Reduced skill Maces & Flails to level 15
 77163 | Depths:5 | Reduced skill Maces & Flails to level 15
 77319 | Depths:5 | Reduced skill Maces & Flails to level 15
 77335 | Depths:5 | Reduced skill Maces & Flails to level 15
 77351 | Depths:5 | Reached skill level 22 in Fighting
 77394 | Depths:5 | Reached skill level 1 in Shields
 77875 | Depths:5 | Reduced skill Necromancy to level 1
 77989 | Depths:5 | Reached skill level 5 in Shields
 78435 | Depths:5 | Found a gate to the Realm of Zot.
 78676 | Depths:3 | Bought the ring of Woir {rF+ Int+4} for 686 gold pieces
 78967 | Zot:1    | Entered Level 1 of the Realm of Zot
 78979 | Zot:1    | Identified the +1 cloak "Leokome" {+Blink rPois}
 79729 | Zot:5    | Entered Level 5 of the Realm of Zot
 80105 | Zot:5    | Noticed an ancient lich
 80669 | Zot:4    | Cast into level 3 of the Abyss (red draconian knight)
 80800 | Abyss:3  | Identified the cursed +1 chain mail "Potenkiph" {*Slow rPois rC- Str+7}
 81032 | Zot:4    | Escaped the Abyss
 81680 | Zot:5    | Reached skill level 10 in Shields
 81912 | Zot:5    | Noticed an ancient lich
 81923 | Zot:5    | Noticed an ancient lich
 81929 | Zot:5    | Noticed an ancient lich
 81971 | Zot:4    | Killed an ancient lich
 82136 | Zot:4    | Killed an ancient lich
 82252 | Zot:5    | Noticed an orb of fire
 82266 | Zot:5    | Noticed an ancient lich
 82462 | Zot:5    | Paralysed by an ancient lich for 4 turns
 82469 | Zot:5    | Gained mutation: You are very frail. (-20% HP) [an orb of fire]
 82472 | Zot:5    | Killed an orb of fire
 82485 | Zot:5    | Killed an ancient lich
 82485 | Zot:5    | Reached skill level 23 in Fighting
 82690 | Zot:5    | Paralysed by an ancient lich for 6 turns
 82692 | Zot:5    | Noticed an ancient lich
 82710 | Zot:5    | Paralysed by an ancient lich for 4 turns
 82823 | Zot:4    | Killed an ancient lich
 83020 | Zot:4    | Killed an ancient lich
 83084 | Zot:4    | Killed an ancient lich
 84284 | Zot:5    | Got the Orb of Zot
 84288 | Zot:5    | Noticed an orb of fire
 84299 | Zot:5    | Gained mutation: You are very dopey. (Int -4) [an orb of fire]
 84306 | Zot:5    | Noticed an ancient lich
 84306 | Zot:5    | Noticed an orb of fire
 84336 | Zot:5    | Noticed an ancient lich
 84340 | Zot:5    | Gained mutation: Armour fits poorly on your strangely shaped body. [an orb of fire]
 84443 | Zot:4    | Noticed Upeam the pandemonium lord
 84517 | Depths:5 | Killed from afar by a Hell Sentinel

Vault maps used:
D:1:      ncdulo_watergridlock, grunt_decor_fettered
D:2:      nicolae_overflow_hidden_temple
D:3:      gup_sewer_entry_bowl, first_bread, minmay_stone_trees_medium
D:4:      cheibrodos_thug_alley, lemuel_doored_altar, kennysheep_cross_room,
          uniq_duvessa, uniq_purgy, uniq_blork_the_orc
D:6:      minmay_temple_entry_statues_pillars
D:7:      nicolae_qazlal_general_emergency, nicolae_overflow_crystal_walls,
          uniq_crazy_yiuf_cottage, uniq_joseph
D:8:      minmay_curly_fans, lightli_temple_of_fire, basic_altar, uniq_maurice
D:9:      old_standard_altar, minmay_orc_entry_temple_small, serial_ice,
          serial_ice_g, serial_ice_j, serial_ice_m, serial_ice_b, serial_ice_c,
          serial_ice_d, serial_ice_o, serial_ice_h, serial_ice_f, serial_ice_n
D:10:     cheibrodos_two_vegetables, grunt_livestock, lemuel_oklob_altar,
          uniq_harold
D:11:     serial_shops, shop, basic_altar, special_room
D:12:     nicolae_tso_swordbearing_angel
D:14:     minmay_box_of_curves, uniq_urug
D:15:     hangedman_depths_entry_civil_slaughter, serial_shops,
          nicolae_shop_stone, hangedman_decor_growths, minmay_unpleasant_kobolds
Temple:   nicolae_temple_no_exploring_needed
Lair:1:   uniq_nergalle
Lair:2:   nicolae_spider_entry_tight_spaces, serial_bayou_ford_a
Lair:3:   basic_altar, grunt_megastairs_3, infiniplex_staircase_pool_2,
          uniq_rupert
Lair:4:   nicolae_swamp_entry_splash_gauntlet
Lair:5:   minmay_slime_entry_eyes, uniq_kirke
Lair:6:   grunt_lair_end_beastmaster, eino_small_chamber_without_monster,
          serial_bayou_shore_b
Swamp:1:  nicolae_swamp_dense_foliage
Swamp:2:  cheibrodos_swamp_tower_of_moss, evilmike_swamp_ruin_house_1,
          uniq_aizul
Swamp:3:  hangedman_swamp_cone
Swamp:4:  swamp_fiery
Spider:1: spiders_nest_a, uniq_louise
Spider:3: nicolae_spider_nook
Spider:4: grunt_spider_rune_parallel
Slime:1:  cheibrodos_slime_lost_civilization_7
Orc:1:    serial_shops, nicolae_shop_trees
Orc:2:    st_orc_congregation, guppyfry_orc_lava_fort, uniq_snorg, uniq_azrael
Elf:1:    eino_elf_arrival_sip, serial_shops, shop, basic_altar, orc_legates
Elf:2:    serial_shops, nicolae_shop_trees, uniq_jorgrun
Elf:3:    minmay_elf_hall_x, serial_shops, shop, grunt_megastairs_2
Vaults:1: hangedman_vaults_trim, nicolae_vaults_network_barrier,
          nicolae_vaults_halls_meeting, ontoclasm_vaults_ligature,
          vaults_dpeg_diagonal, v_misc_26, v_rooms_1, v_misc_23, v_misc_30,
          v_misc_27, ontoclasm_vaults_gateway, vaults_room_stairs_pillars
Vaults:2: minmay_crypt_entry_simple_statues, nicolae_vaults_triangles,
          v_misc_15, grunt_vaults_hallway_short,
          nicolae_vaults_yaktaur_gun_rack, nicolae_vaults_rhombus_5,
          serial_shops, shop
Vaults:3: v_misc_1, nicolae_vaults_back_hallway, vaults_dpeg_encased_lava,
          v_misc_24, dpeg_vaults_monster_row, nicolae_vaults_specimen_jars,
          v_misc_31, nicolae_vaults_gold_heap, hangedman_vaults_cutoff,
          vaults_room_semicircle, nicolae_vaults_asterisk, vaults_dpeg_ring,
          uniq_donald
Vaults:4: vaults_room_pool, grunt_vaults_funnel, hangedman_vaults_stagger,
          v_pattern_4, v_misc_1, ontoclasm_vaults_bender,
          nicolae_vaults_border_crossing, nicolae_vaults_circle_grid_a,
          hangedman_vaults_trim, ontoclasm_vaults_ring_small, v_misc_25,
          ontoclasm_vaults_decontamination, vaults_room_fancy_cross,
          ontoclasm_vaults_claustrophobia, vaults_room_door_ring
Crypt:1:  grunt_ministairs_4, st_stairs_5, grunt_crypt_arrival_webbed,
          uniq_boris
Crypt:2:  grunt_ministairs_6
Crypt:3:  due_elkab, uniq_khufu
Depths:1: hangedman_coc_ice_floe, minmay_misc_feat_alley, spider_trap,
          dk_noncrumbling_2, nrook_loot_triangle,
          hangedman_abyss_or_decor_lesser_grid, guppyfry_shop_blood
Depths:2: grunt_bent_corner, enter_ziggurat_a, hell_entry,
          grunt_pan_entry_zigzag
Depths:3: lemuel_troll_bridge, serial_shops, shop, minmay_misc_feat_chi,
          rand_demon_pan_entry_8, pf_dread_powers_of_hell,
          minmay_staircase_statues, serial_bayou_shore_b, firewood_loft
Depths:4: nooodl_glass_maze, abyss_entry, grunt_hell_entry_dis_old,
          nrook_mini_backslash, kennysheep_island_fort, basic_stair_grate_trap
Depths:5: grunt_zot_entry_hairpin, hell_entry, nicolae_twisting_strands,
          hangedman_abyss_or_decor_slice
Zot:1:    kennysheep_blocky_room, door_vault
Zot:2:    nicolae_lava_and_water
Zot:3:    lemuel_elevator, grunt_megastairs_5
Abyss:2:  evilmike_abyss_exit_14
Abyss:3:  evilmike_abyss_exit_chaos,
          evilmike_nicolae_abyss_rune_betentacled_crabyss
Abyss:4:  evilmike_abyss_rune_tso_outpost, evilmike_abyss_exit_16,
          abyss_greek_temple, hangedman_abyss_or_decor_clamps,
          nicolae_abyss_rune_star_stuff
Sewer:    sewer_co_tree

Skill      XL: |  1  2  3  4  5  6  7  8  9 10 11 12 13 14 15 16 17 18 19 20 21 22 23 24 25 26 27 |
---------------+----------------------------------------------------------------------------------+-----
Dodging        | 2 3 4 5 6 7 8 9 10 | 10.8
Fire Magic     | 4 5 6 7 9 10 11 12 13 14 15 16 17 | 17.0
Conjurations   | 2 3 5 6 8 9 11 12 13 14 15 16 17 18 19 | 19.1
Spellcasting   | 3 4 5 7 8 9 10 11 12 13 14 15 16 17 18 | 18.6
Stealth        | 3 4 6 7 8 9 10 11 | 11.8
Armour         | 1 4 5 6 7 8 9 11 12 13 14 15 16 | 16.9
Fighting       | 1 2 3 5 6 7 8 9 11 12 17 18 21 23 | 23.3
Maces & Flails | 2 4 5 6 8 9 10 11 12 13 14 15 12 14 16 16 | 16.1
Earth Magic    | 2 3 5 6 7 10 11 | 11.5
Transmutations | 2 0 |  0.0
Evocations     | 1 2 3 |  3.8
Charms         | 1 2 |  2.2
Necromancy     | 1 2 3 4 0 |  0.0
Shields        | 13 | 13.4
Unarmed Combat | |  0.2

Action                   |  1- 3 |  4- 6 |  7- 9 | 10-12 | 13-15 | 16-18 | 19-21 | 22-24 | 25-27 || total
-------------------------+-------+-------+-------+-------+-------+-------+-------+-------+-------++-------
Melee: Unarmed           |     1 |       |       |       |     3 |       |       |       |       ||     4
       Club              |       |       |   185 |       |       |       |       |       |       ||   185
       Mace              |       |       |    35 |   229 |  1051 |  1984 |  2093 |  2670 |  4104 || 12166
 Cast: Flame Tongue      |    44 |    28 |   205 |   214 |   382 |   210 |    86 |    52 |    45 ||  1266
       Throw Flame       |     1 |    12 |   107 |    72 |   198 |   271 |   124 |    94 |   144 ||  1023
       Sticky Flame      |       |       |     2 |    69 |   190 |   112 |    68 |   126 |   110 ||   677
       Conjure Flame     |       |       |     4 |    11 |    13 |     4 |       |    14 |     4 ||    50
       Fireball          |       |       |     2 |    13 |    84 |    80 |    46 |   114 |    61 ||   400
       Stone Arrow       |       |       |       |       |    18 |    67 |       |     4 |       ||    89
       Sandblast         |       |       |       |       |       |     4 |       |       |       ||     4
       Shroud of Golubri |       |       |       |       |       |     2 |     1 |       |     5 ||     8
       Lee's Rapid Decon |       |       |       |       |       |    24 |     7 |   109 |    77 ||   217
       Bolt of Draining  |       |       |       |       |       |    13 |    41 |    45 |    70 ||   169
       Regeneration      |       |       |       |       |       |     3 |     9 |     1 |     7 ||    20
       Force Lance       |       |       |       |       |       |     3 |       |   102 |    33 ||   138
       Mephitic Cloud    |       |       |       |       |       |       |       |     6 |    21 ||    27
       Passwall          |       |       |       |       |       |       |       |       |    11 ||    11
       Swiftness         |       |       |       |       |       |       |       |       |     2 ||     2
       Iskenderun's Myst |       |       |       |       |       |       |       |       |    15 ||    15
       Fulminant Prism   |       |       |       |       |       |       |       |       |     2 ||     2
Invok: Curse Item        |       |       |     4 |     3 |     1 |     4 |     2 |       |     3 ||    17
       Transfer Knowledg |       |       |       |       |       |     1 |       |     1 |     2 ||     4
 Abil: Fly               |       |       |       |       |     1 |       |       |       |     1 ||     2
       Blink             |       |       |       |       |       |     1 |       |       |       ||     1
       Stop Flying       |       |       |       |       |       |       |       |       |     1 ||     1
Evoke: Wand              |       |       |       |     6 |    23 |    25 |     8 |     9 |     4 ||    75
       Lightning rod     |       |       |       |       |     8 |     8 |     4 |    12 |       ||    32
       Lamp of fire      |       |       |       |       |       |       |       |       |     1 ||     1
  Use: Scroll            |     6 |     3 |    10 |    11 |    13 |    16 |     5 |    10 |    19 ||    93
       Potion            |       |       |     2 |     1 |     3 |     6 |     6 |     4 |     6 ||    28
 Stab: Sleeping          |       |       |     1 |     1 |     2 |     8 |    10 |    12 |    20 ||    54
       Distracted        |       |       |     1 |       |       |       |     3 |     6 |     4 ||    14
       Petrified         |       |       |       |     7 |    11 |       |       |       |       ||    18
       Confused          |       |       |       |       |       |     5 |       |     1 |    24 ||    30
  Eat: Chunk             |     2 |     2 |    22 |    23 |    55 |    55 |    33 |    19 |    43 ||   254
       Fruit             |       |       |     2 |       |       |     8 |     3 |     4 |    11 ||    28
       Royal jelly       |       |       |       |       |     4 |     2 |       |     2 |       ||     8
       Meat ration       |       |       |       |       |       |       |       |     4 |     1 ||     5
       Bread ration      |       |       |       |       |       |       |       |     1 |     1 ||     2
Armor: Robe              |     5 |     1 |    82 |    19 |       |       |       |       |       ||   107
       Pearl dragon scal |       |       |    96 |   207 |   887 |  1198 |  1618 |  1508 |  2158 ||  7672
Dodge: Dodged            |     9 |     1 |   143 |   194 |   785 |  1153 |  2555 |  2299 |  3156 || 10295
Block: Buckler           |       |       |       |       |     8 |   212 |   490 |   482 |   390 ||  1582
       Shield            |       |       |       |       |       |       |       |       |   802 ||   802
